 Dungeon Crawl Stone Soup version 0.27.1-1-g398f81649c (webtiles) character file.

Game seed: 4155019393355627934

263 H0rd4k the Insei (level 6, -3/38 HPs)
             Began as an Octopode Transmuter on Sept 10, 2021.
             Slain by an iguana (9 damage)
             ... on level 3 of the Dungeon.
             The game lasted 00:02:44 (3121 turns).

H0rd4k the Insei (Octopode Transmuter)              Turns: 3121, Time: 00:02:44

Health: -3/38      AC:  2    Str:  9    XL:     6   Next: 19%
Magic:  3/9        EV: 20    Int: 17    God:
Gold:   105        SH:  0    Dex: 18    Spells: 6/10 levels left

rFire    . . .     SeeInvis .     - Unarmed
rCold    . . .     Faith    .   (shield currently unavailable)
rNeg     . . .     Spirit   .   (helmet currently unavailable)
rPois    x         Reflect  .   (no amulet)
rElec    .         Harm     .   (no ring)
rCorr    .         Rampage  .   (no ring)
Will     .....                  (no ring)
Stlth    ++........             (no ring)
HPRegen  0.12/turn              (no ring)
MPRegen  0.11/turn              (no ring)
                                (no ring)
                                (no ring)

@: spider-form, very slightly contaminated
A: venomous fangs, almost no armour, (amphibious), 8 rings, tiny, (camouflage
1), (gelatinous body 1), (nimble swimmer 1), (tentacles)
a: End Transformation


You were on level 3 of the Dungeon.
You were a venomous arachnid creature.
You visited 1 branch of the dungeon, and saw 4 of its levels.

You collected 105 gold pieces.

Inventory:

Magical Staves
 a - a staff of air
Jewellery
 b - a +6 ring of intelligence
Scrolls
 c - a scroll of summoning {unknown}
 e - 2 scrolls of noise {unknown}
 g - a scroll of enchant weapon {unknown}
Potions
 d - a potion of mutation {unknown}
 f - a potion of curing {unknown}


   Skills:
 + Level 1.4 Fighting
 + Level 2.7 Dodging
 + Level 5.2 Unarmed Combat
 + Level 2.6 Spellcasting
 + Level 2.8 Transmutations
 * Level 2.0 Poison Magic


You had 6 spell levels left.
You knew the following spells:

 Your Spells              Type           Power      Damage    Failure   Level
a - Beastly Appendage     Tmut           22%        N/A       17%         1
b - Spider Form           Tmut/Pois      5%         N/A       41%         3

Your spell library contained the following spells:

 Spells                   Type           Power      Damage    Failure   Level
 Wereblood                Tmut           11%        N/A       22%         2
 Ice Form                 Ice/Tmut       7%         N/A       87%         4


Dungeon Overview and Level Annotations

Branches:
Dungeon (4/15)
 Temple: D:4-7

Altars:

Shops:
D:2 !


Innate Abilities, Weirdness & Mutations

You are a venomous arachnid creature.
You have poisonous fangs.
You are tiny and dextrous.
Your spellcasting is less reliable in this form.
Your armour is entirely melded.
You are incapable of wielding weapons or throwing items.
You cannot wear most types of armour.
((You are amphibious.))
You can wear up to eight rings at the same time.
((Your skin changes colour to match your surroundings (Stealth+).))
((Your rubbery body absorbs attacks. (AC +1, EV +1)))
((You are camouflaged near water. (Stealth+)))
((You have tentacles for arms and can constrict up to eight enemies at once.))


Message History

You hit something. Something hits you but does no damage.
You hit something. Something barely misses you.
You closely miss something. You barely miss something.
Your transformation is almost over.
Reactivating autopickup.
You feel a bit more experienced.
Your Poison Magic skill increases to level 2!
Items here: )) [ †††.
Your transformation has ended.
An iguana comes into view.
You start resting.
A worm is nearby!
You start resting.
A worm is nearby!
The iguana hisses angrily.
A goblin comes into view. It is wielding a +0 dagger.
Found a scroll labelled BEMYJ MEWNO.
The goblin moves out of view.
A lemure comes into view.
Found a scroll labelled IFOC PIPEOTTUL.
There is a stone staircase leading up here.
The iguana completely misses you.
You climb upwards.
There is a stone staircase leading down here.
Casting: Spider Form (quite dangerous; 21% risk of failure)
Confirm with . or Enter, or press ? or * to list all spells.
The spell is quite dangerous to cast (21% risk of failure)!
Continue anyway?
You miscast Spider Form.
You are very lightly contaminated with residual magic.
Nothing appears to happen.
The iguana bites you.
Casting: Spider Form (quite dangerous; 21% risk of failure)
Confirm with . or Enter, or press ? or * to list all spells.
The spell is quite dangerous to cast (21% risk of failure)!
Continue anyway?
You turn into a venomous arachnid creature.
The iguana bites you!
* * * LOW HITPOINT WARNING * * *
You hit the iguana.
The iguana is poisoned.
The iguana is lightly wounded.
The iguana bites you!
You die...

#..# ###.##.# #....... ##.#
##...##.# ###..##. #.#
#.>.....# ##..##.
#.#####..###### ##....#.
#.##....## ####..##...
#.##....# #....####..
#.##.#### ######.########.
##.##.########...............
#..........ls..####.#########
#)...############...# #....#
#.### ## #...## #.# #. #...#
#.# #. ##### #.# #. #.# #.
#.# #. ### #.


You could see an iguana (very poisoned).

Vanquished Creatures
  A necrophage (D:4)
  Terence (D:2)
  Jessica (D:2)
  2 orc wizards (D:4)
  2 adders (D:3)
  4 worms
  3 dart slugs
  2 orcs (D:4)
  4 bats
  An endoplasm (D:2)
  3 goblins
  4 hobgoblins
  6 kobolds
  A quokka (D:2)
  3 ball pythons
  2 frilled lizards (D:1)
  A rat (D:1)
41 creatures vanquished.

Notes
Turn   | Place    | Note
-------+----------+-------------------------------------------
     0 | D:1      | H0rd4k the Octopode Transmuter began the quest for the Orb.
     0 | D:1      | Reached XP level 1. HP: 13/13 MP: 3/3
   425 | D:1      | Reached XP level 2. HP: 16/18 MP: 5/5
  1143 | D:2      | Reached XP level 3. HP: 21/23 MP: 6/6
  1197 | D:2      | Learned a level 3 spell: Spider Form
  1454 | D:2      | Found a faded altar of an unknown god.
  1519 | D:2      | Found Axkucziy's Distillery.
  1868 | D:2      | Noticed Terence
  1875 | D:2      | Killed Terence
  1876 | D:2      | Reached skill level 4 in Unarmed Combat
  1876 | D:2      | Reached XP level 4. HP: 24/28 MP: 3/7
  1950 | D:2      | Noticed Jessica
  1962 | D:2      | Killed Jessica
  2580 | D:3      | Reached skill level 1 in Poison Magic
  2580 | D:3      | Reached XP level 5. HP: 31/33 MP: 4/8
  2956 | D:4      | Noticed a necrophage
  2976 | D:4      | Killed a necrophage
  2977 | D:4      | Reached skill level 5 in Unarmed Combat
  3025 | D:4      | Reached XP level 6. HP: 16/38 MP: 5/9
  3121 | D:3      | Slain by an iguana

Illustrated notes

Levels and vault maps discovered:
D:1:      evilmike_arrival_crescent, layout_rooms, fountainhead
D:2:      layout_loops_ring, serial_shops, shop,
          hellmonk_ecumenical_altar_blasted, grunt_ministairs_12, uniq_jessica,
          uniq_terence
D:3:      layout_rooms
D:4:      layout_basic, riverfiend_overflow_shadow_ancestor,
          nicolae_ru_the_path_less_chosen, uniq_eustachio, uniq_pikel

Skill      XL: |  1  2  3  4  5  6 |
---------------+-------------------+-----
Unarmed Combat | 4 5 |  5.2
Poison Magic   | 1 2 |  2.0
Fighting       | |  1.4
Dodging        | |  2.7
Spellcasting   | |  2.6
Transmutations | |  2.8

Action                   |  1- 3 |  4- 6 || total
-------------------------+-------+-------++-------
Melee: Unarmed           |    74 |    53 ||   127
       Constrict         |    17 |     5 ||    22
       Tentacles         |    10 |     2 ||    12
       Punch             |     2 |       ||     2
 Cast: Spider Form       |     1 |     8 ||     9
 Stab: Sleeping          |     3 |     3 ||     6
Armor: Skin              |    11 |     6 ||    17
Dodge: Dodged            |    48 |    47 ||    95
